 Dungeon Sprint DCSS version 0.22-a0-181-gb22368a (console) character file.

0 removed the Sneak (level 2, -3/21 HPs)
             Began as a Gnoll Enchanter on Feb 14, 2018.
             Was an Initiate of Makhleb.
             Slain by an ooze (4 damage)
             ... in the Dungeon (Sprint VI: "Thunderdome").
             The game lasted 00:00:42 (106 turns).

removed the Sneak (Gnoll Enchanter)                  Turns: 106, Time: 00:00:43

Health: -3/21      AC:  2    Str: 10    XL:     2   Next: 16%
Magic:  8/8        EV: 15    Int: 17    God:    Makhleb [......]
Gold:   200        SH:  0    Dex: 15    Spells: 10/11 levels left

rFire    . . .     SeeInvis .   a - +1 dagger
rCold    . . .     Gourm    .   (no shield)
rNeg     . . .     Faith    .   b - +0 robe
rPois    .         Spirit   .   (no helmet)
rElec    .         Reflect  .   (no cloak)
rCorr    .         Harm     .   (no gloves)
MR       .....     NoTele   +   (no boots)
Stlth    +++.......             (no amulet)
HPRegen  0.07/turn              (no ring)
MPRegen  0.11/turn              (no ring)

@: no status effects
A: distributed training, fangs 1, strong nose
a: Renounce Religion


You were in the Dungeon.
You worshipped Makhleb.
Makhleb was noncommittal.
You were not hungry.

You visited 1 branch You collected 200 gold pieces.

Inventory:

Hand Weapons
 a - a +1 dagger (weapon)
Armour
 b - a +0 robe (worn)
Wands
 l - a wand of acid (5)
 m - a wand of iceblast (5)
Scrolls
 j - 4 scrolls of blinking
 n - 3 scrolls of fog
Potions
 e - a potion of curing
 f - 4 potions of heal wounds
 g - 4 potions of haste
 h - 2 potions of magic
 i - a potion of berserk rage
 k - a potion of resistance
Books
 c - a book of Maledictions

   Spells                             Type                      Level
   a - Corona                         Hexes                        1
   b - Ensorcelled Hibernation        Hexes/Ice                    2
   c - Confuse                        Hexes                        3
   d - Tukima's Dance                 Hexes                        3
   e - Dazzling Spray                 Conjuration/Hexes            3
Comestibles
 d - a ration


   Skills:
 + Level 1.1 Fighting
 + Level 2.7 Short Blades
 + Level 1.1 Long Blades
 + Level 1.1 Axes
 + Level 1.1 Maces & Flails
 + Level 1.1 Polearms
 + Level 1.1 Staves
 + Level 1.1 Slings
 + Level 1.1 Bows
 + Level 1.1 Crossbows
 + Level 1.1 Throwing
 + Level 1.1 Armour
 + Level 4.6 Dodging
 + Level 6.0 Stealth
 + Level 1.1 Shields
 + Level 1.1 Unarmed Combat
 + Level 5.1 Spellcasting
 + Level 0.9 Conjurations
 + Level 5.4 Hexes
 + Level 0.9 Charms
 + Level 0.9 Summonings
 + Level 0.9 Necromancy
 + Level 0.9 Translocations
 + Level 0.9 Transmutations
 + Level 0.9 Fire Magic
 + Level 0.9 Ice Magic
 + Level 0.9 Air Magic
 + Level 0.9 Earth Magic
 + Level 0.9 Poison Magic
 + Level 1.2 Invocations
 + Level 1.1 Evocations


You had 10 spell levels left.
You knew the following spells:

 Your Spells              Type           Power        Failure   Level  Hunger
a - Corona                Hex            ###....      1%          1    None


Dungeon Overview and Level Annotations

Branches:
Dungeon (1/1)

Altars:
Cheibriados
Dithmenos
Fedhas
Gozag
Kikubaaqudgha
Makhleb
Okawaru
Qazlal
Ru
Sif Muna
Trog
Uskayaw
Vehumet
Wu Jian
Xom
Yredelemnul
Zin
The Shining One
Beogh
Jiyva
Lugonu

Shops:
D *[%??*?*:[((!!!!


Innate Abilities, Weirdness & Mutations

Your experience applies equally to all skills.
You have very sharp teeth.
Your uncanny sense of smell can sniff out nearby items.


Message History

The ooze closely misses you.
You hit the ooze but do no damage. You bite the ooze, but do no damage.
The ooze is moderately wounded.
The ooze closely misses you.
You hit the ooze but do no damage.
The ooze is moderately wounded.
You hit the ooze.
The ooze is heavily wounded.
The ooze hits you.
* * * LOW HITPOINT WARNING * * *
You hit the ooze but do no damage.
The ooze is heavily wounded.
The ooze misses you.
You hit the ooze but do no damage.
The ooze is heavily wounded.
The ooze closely misses you.
You hit the ooze. You bite the ooze.
The ooze is severely wounded.
The ooze hits you.
You die...

###.........###
#⌠...........⌠#
######.8.........8.####
##∩___......###.......__
###∩........8.# #.8.......
#.............###.........
⌠..........###...###......
⌠..........# #.<.# #......
⌠........@.###...###......
#.......J.....###.........
###∩........8.# #.8.......
##∩___......###......___
######.8.........8.####
#⌠...........⌠#
###.........###
#_........# #_......._#


You could see an ooze.

Vanquished Creatures
  2 oozes (D)
2 creatures vanquished.

Notes
Turn   | Place    | Note
-------+----------+-------------------------------------------
     0 | D        | removed the Gnoll Enchanter began the quest for the Orb.
     0 | D        | Reached XP level 1. HP: 13/13 MP: 6/6
     3 | D        | Found an ornate altar of the Wu Jian Council.
     4 | D        | Found a basalt altar of Yredelemnul.
     4 | D        | Found a blossoming altar of Fedhas.
     5 | D        | Found a glowing golden altar of the Shining One.
     5 | D        | Found a hide-covered altar of Uskayaw.
     5 | D        | Round 1.
     6 | D        | Found Syoff's Do-It-Yourself Clinic.
     6 | D        | Found an iron altar of Okawaru.
     6 | D        | Found Fiwatesoex's Distillery.
     8 | D        | Found a corrupted altar of Lugonu.
     8 | D        | Found a burning altar of Makhleb.
     9 | D        | Found a radiant altar of Vehumet.
     9 | D        | Found a bloodstained altar of Trog.
     9 | D        | Found Nikokh's Weapon Rack.
     9 | D        | Found Hidyom's Premium Goods.
    10 | D        | Found Qaetathro's Basic Armour.
    10 | D        | Found Aly Tuy's Miscellaneous Merchandise.
    12 | D        | Found a roughly hewn altar of Beogh.
    16 | D        | Became a worshipper of Makhleb the Destroyer
    21 | D        | Found a shimmering altar of Xom.
    21 | D        | Found an ancient bone altar of Kikubaaqudgha.
    23 | D        | Found Guposcho's Identification Station.
    24 | D        | Found Toozan's Advanced Armour.
    24 | D        | Found Kioleuj's Jewellery.
    24 | D        | Found a glowing silver altar of Zin.
    24 | D        | Found a deep blue altar of Sif Muna.
    24 | D        | Found a stormy altar of Qazlal.
    24 | D        | Found Maja's Delicious Food.
    29 | D        | Found a sacrificial altar of Ru.
    30 | D        | Found a shadowy altar of Dithmenos.
    31 | D        | Found a snail-covered altar of Cheibriados.
    31 | D        | Found a viscous altar of Jiyva.
    31 | D        | Found an opulent altar of Gozag.
    31 | D        | Found Meluimno's Magic Scroll Shop.
    31 | D        | Found Zoitz's Staff Store.
    32 | D        | Reached skill level 6 in Stealth
    32 | D        | Reached skill level 5 in Spellcasting
    32 | D        | Reached skill level 1 in Invocations
    34 | D        | Found Byru's Magic Scroll Shop.
    34 | D        | Found Arazxis's Must-Have Magic.
    42 | D        | Found Laemuck's Distillery.
    42 | D        | Found Bamil's Bottled Wisdom.
    90 | D        | Reached skill level 1 in Fighting
    90 | D        | Reached skill level 1 in Long Blades
    90 | D        | Reached skill level 1 in Axes
    90 | D        | Reached skill level 1 in Maces & Flails
    90 | D        | Reached skill level 1 in Polearms
    90 | D        | Reached skill level 1 in Staves
    90 | D        | Reached skill level 1 in Slings
    90 | D        | Reached skill level 1 in Bows
    90 | D        | Reached skill level 1 in Crossbows
    90 | D        | Reached skill level 1 in Throwing
    90 | D        | Reached skill level 1 in Armour
    90 | D        | Reached skill level 1 in Shields
    90 | D        | Reached skill level 1 in Unarmed Combat
    90 | D        | Reached skill level 1 in Evocations
    90 | D        | Reached XP level 2. HP: 5/21 MP: 8/8
   103 | D        | HP: 1/21 [ooze (4)]
   106 | D        | Slain by an ooze

Vault maps used:
D:        arena_sprint

Skill      XL: |  1 |
---------------+----+-----
Stealth        | 6 |  6.0
Spellcasting   | 5 |  5.1
Invocations    | 1 |  1.2
Fighting       | 1 |  1.1
Long Blades    | 1 |  1.1
Axes           | 1 |  1.1
Maces & Flails | 1 |  1.1
Polearms       | 1 |  1.1
Staves         | 1 |  1.1
Slings         | 1 |  1.1
Bows           | 1 |  1.1
Crossbows      | 1 |  1.1
Throwing       | 1 |  1.1
Armour         | 1 |  1.1
Shields        | 1 |  1.1
Unarmed Combat | 1 |  1.1
Evocations     | 1 |  1.1
Short Blades   | |  2.7
Dodging        | |  4.6
Conjurations   | |  0.9
Hexes          | |  5.4
Charms         | |  0.9
Summonings     | |  0.9
Necromancy     | |  0.9
Translocations | |  0.9
Transmutations | |  0.9
Fire Magic     | |  0.9
Ice Magic      | |  0.9
Air Magic      | |  0.9
Earth Magic    | |  0.9
Poison Magic   | |  0.9

Action                   || total
-------------------------++-------
Melee: Dagger            ||    16
       Bite              ||     5
 Stab: Distracted        ||     1
Armor: Robe              ||     1
Dodge: Dodged            ||     6

Table legend:
 A = Spawn XP
 B = Non-spawn XP
 C = Spawn XP percentage of total XP
 D = Spawn monster count
 E = Non-spawn monster count
 F = Spawn count percentage of total count
 G = Total turns spent on level
                    A         B        C        D         E        F      G
               +---------+---------+-------+---------+---------+-------+---------
         Total |       0 |      14 |   0.0 |       0 |       2 |   0.0 |   106
               +---------+---------+-------+---------+---------+-------+---------
             D |       0 |      14 |   0.0 |       0 |       2 |   0.0 |   106
               +---------+---------+-------+---------+---------+-------+---------
